Map: Orbital Shipyard

Players

Miszu

  • Race: Terran Terran
  • League: Master

llllllllllll - Winner!

  • Race: Protoss Protoss
  • League: Master

VOD

Have the link to the VOD?

Description

Time

  • Played on: March 16, 2016, 4 p.m.
  • Length: 10:45
Show
View Real Time Build Order
Export as new Build Order

Miszu Terran 

Build Orders: Reaper Expand, Mech 

Get SALT Encoding   

  12  0:01  SCV  
  13  0:13  SCV  
  14  0:19  Supply Depot  
  14  0:25  SCV  
  15  0:41  SCV  
  16  0:43  Barracks  
  16  0:47  Refinery  
  16  0:53  SCV  
  17  1:05  SCV  
  18  1:20  SCV  
  19  1:32  Orbital Command  
  19  1:34  Reaper  
  20  1:40  Command Center  
  20  1:49  Supply Depot  
  20  1:58  SCV  
  21  2:06  Marine  
  22  2:11  SCV  
  23  2:16  Factory  
  23  2:23  SCV  
  23  2:27  Barracks Reactor  
  24  2:35  SCV  
  25  2:45  Refinery  
  25  2:47  SCV  
  26  2:57  Orbital Command  
  26  2:59  SCV  
  27  3:11  SCV  
  28  3:13  Factory  
  28  3:18  Hellion x2  
  32  3:20  Barracks Reactor  
  32  3:23  SCV  
  32  3:24  SCV  
  33  3:35  SCV  
  33  3:36  SCV  
  33  3:40  Hellion x2  
  39  3:46  Supply Depot  
  39  3:47  SCV  
  39  3:48  SCV  
  41  3:57  Factory  
  41  4:00  SCV x2  
  41  4:02  Barracks Tech Lab  
  45  4:03  Hellion  
  45  4:08  Hellion x3  
  51  4:12  SCV x2  
  53  4:24  SCV  
  54  4:25  Supply Depot  
  54  4:29  Supply Depot  
  54  4:31  Hellion x2, SCV  
  59  4:32  Hellion  
  59  4:36  SCV  
  62  4:46  SCV  
  62  4:47  Hellion  
  62  4:48  SCV  
  62  4:52  Supply Depot, Hellion x2  
  68  4:54  Supply Depot, Hellion  
  68  4:55  Siege Tank  
  68  4:58  SCV  
  74  5:00  SCV  
  75  5:08  Hellion  
  75  5:11  SCV  
  75  5:12  SCV  
  75  5:14  Hellion x2  
  82  5:15  Hellion  
  84  5:23  Supply Depot, SCV  
  84  5:24  SCV  
  84  5:27  Siege Tank  
  89  5:35  SCV  
  84  5:42  Hellion  
  80  5:43  Hellion  
  80  5:44  SCV  
  80  5:47  Supply Depot, SCV  
  80  5:49  Command Center  
  82  5:51  Refinery  
  82  5:53  Refinery  
  82  5:54  Hellion  
  82  5:56  Hellion  
  86  5:59  Siege Tank, SCV x2  
  91  6:10  Factory  
  91  6:11  SCV  
  91  6:12  Factory  
  91  6:13  Starport  
  91  6:16  SCV  
  91  6:17  Barracks Reactor  
  93  6:21  Hellion  
  93  6:23  SCV  
  96  6:28  Supply Depot x2, SCV  
  96  6:31  Hellion  
  96  6:32  Hellion  
  101  6:35  SCV  
  101  6:37  Siege Tank  
  105  6:40  SCV  
  105  6:43  Armory  
  105  6:45  Armory  
  106  6:48  SCV  
  106  6:52  SCV  
  108  6:56  Factory Tech Lab x2  
  108  6:57  Hellion  
  108  6:58  Hellion  
  108  7:00  SCV  
  113  7:04  SCV, Orbital Command  
  114  7:10  Siege Tank  
  114  7:12  SCV  
  114  7:15  Engineering Bay, Siege Tank  
  121  7:17  Refinery  
  121  7:20  Refinery  
  124  7:22  Siege Tank  
  124  7:25  Hellion  
  124  7:28  Hellion  
  128  7:36  Terran Vehicle And Ship Armor Level 1  
  128  7:37  Supply Depot x2  
  128  7:38  Terran Vehicle Weapons Level 1  
  128  7:39  Hellion  
  128  7:43  SCV  
  128  7:44  SCV x2  
  133  7:48  Supply Depot  
  133  7:50  Supply Depot  
  133  7:53  Siege Tank  
  133  7:55  Siege Tank, SCV  
  133  7:56  SCV  
  141  7:59  Hellion  
  141  8:00  Hellion  
  141  8:03  Siege Tank  
  148  8:12  Hellion x2  
  152  8:13  Infernal Pre-Igniter  
  152  8:16  Supply Depot x2  
  152  8:19  Missile Turret  
  152  8:20  Supply Depot  
  152  8:25  Hellion, Siege Tank  
  157  8:28  Hellion  
  157  8:33  Siege Tank  
  162  8:34  Hellion  
  162  8:35  Hellion, Medivac  
  168  8:44  Supply Depot  
  168  8:53  Command Center  
  168  9:01  Mag-Field Accelerator, Starport  
  168  9:03  Starport x2  
  168  9:07  Siege Tank  
  154  9:35  Siege Tank x2  
  160  9:39  Siege Tank  
  163  9:52  Viking  
  157  9:54  Hellion x2  
  157  9:55  Hellion x2  
  161  10:04  Refinery  
  156  10:07  Siege Tank x2  
  156  10:09  Refinery  
  117  10:15  Hellion  
  117  10:16  Hellion x2  
  117  10:18  Hellion  
Show
View Real Time Build Order
Export as new Build Order

llllllllllll Protoss - Winner!

Build Orders: 1 Gate Expand, Blink Stalkers 

Get SALT Encoding   

  12  0:01  Probe (Chrono Boost)  
  13  0:11  Probe (Chrono Boost)  
  14  0:17  Pylon  
  14  0:22  Probe (Chrono Boost)  
  15  0:35  Probe (Chrono Boost)  
  16  0:36  Gateway  
  16  0:46  Probe (Chrono Boost)  
  16  0:47  Assimilator  
  17  0:56  Probe (Chrono Boost)  
  18  1:07  Probe (Chrono Boost)  
  19  1:17  Probe (Chrono Boost)  
  20  1:21  Nexus  
  20  1:31  Cybernetics Core  
  20  1:34  Probe (Chrono Boost)  
  21  1:40  Assimilator  
  21  1:45  Probe (Chrono Boost)  
  22  1:49  Pylon  
  22  1:55  Probe (Chrono Boost)  
  25  2:08  Mothership Core (Chrono Boost)  
  25  2:10  Adept  
  27  2:19  Warp Gate  
  27  2:26  Probe (Chrono Boost)  
  28  2:35  Probe (Chrono Boost)  
  29  2:37  Probe (Chrono Boost)  
  30  2:45  Adept  
  30  2:46  Robotics Facility, Probe (Chrono Boost)  
  30  2:48  Probe (Chrono Boost)  
  34  2:56  Probe (Chrono Boost)  
  36  2:58  Probe (Chrono Boost)  
  36  3:06  Twilight Council  
  36  3:07  Probe (Chrono Boost)  
  36  3:09  Probe (Chrono Boost)  
  38  3:14  Pylon  
  38  3:17  Probe (Chrono Boost)  
  38  3:19  Probe (Chrono Boost)  
  40  3:27  Probe (Chrono Boost)  
  40  3:30  Probe (Chrono Boost)  
  40  3:33  Gateway, Observer (Chrono Boost)  
  43  3:35  Gateway  
  43  3:37  Probe  
  44  3:41  Probe  
  44  3:47  Blink (Chrono Boost), Probe  
  45  3:51  Assimilator  
  45  3:53  Probe  
  45  3:55  Pylon, Assimilator  
  47  3:58  Probe  
  49  4:02  Observer  
  49  4:04  Pylon  
  49  4:05  Probe  
  49  4:08  Probe  
  50  4:18  Probe  
  50  4:19  Probe  
  53  4:24  Observer  
  53  4:29  Probe  
  53  4:30  Probe  
  55  4:33  Pylon  
  55  4:34  Stalker x2  
  55  4:37  Stalker  
  61  4:46  Pylon  
  61  4:50  Probe  
  62  4:54  Probe  
  63  5:00  Forge, Stalker x3  
  63  5:02  Probe  
  70  5:10  Nexus  
  70  5:14  Pylon  
  70  5:18  Immortal  
  74  5:25  Pylon  
  74  5:26  Pylon  
  74  5:27  Stalker  
  72  5:38  Pylon  
  70  5:45  Stalker x2  
  70  5:47  Protoss Ground Weapons Level 1 (Chrono Boost), Probe  
  70  5:48  Probe  
  76  5:52  Forge  
  76  5:57  Immortal, Probe  
  76  6:00  Probe  
  76  6:01  Charge  
  82  6:04  Pylon  
  82  6:08  Probe  
  83  6:13  Probe  
  84  6:19  Probe  
  84  6:22  Probe  
  84  6:23  Protoss Ground Armor Level 1 (Chrono Boost)  
  86  6:25  Probe  
  86  6:31  Stalker x3, Probe  
  94  6:34  Probe  
  94  6:36  Pylon  
  94  6:38  Probe  
  96  6:43  Probe  
  96  6:46  Immortal  
  101  6:48  Probe  
  101  6:50  Probe  
  101  6:52  Assimilator x2  
  103  6:55  Probe  
  103  6:59  Stalker x3  
  103  7:00  Probe  
  111  7:04  Pylon  
  111  7:12  Pylon  
  111  7:13  Stargate  
  111  7:21  Gateway  
  111  7:22  Protoss Ground Weapons Level 2 (Chrono Boost)  
  111  7:23  Gateway  
  111  7:24  Gateway  
  111  7:27  Templar Archives  
  111  7:29  Gateway  
  111  7:30  Gateway  
  111  7:47  Immortal (Chrono Boost)  
  111  7:49  Nexus  
  111  7:51  Pylon  
  115  7:56  Phoenix (Chrono Boost)  
  115  7:57  Protoss Ground Armor Level 2  
  117  8:03  Stalker x3  
  123  8:06  Pylon  
  123  8:10  Robotics Facility  
  126  8:27  Immortal (Chrono Boost)  
  126  8:32  Fleet Beacon  
  126  8:34  Stargate  
  126  8:48  Assimilator  
  126  8:50  High Templar x2  
  126  8:52  Zealot, Assimilator  
  126  8:53  Zealot x3  
  138  8:56  Archon  
  138  8:57  Zealot  
  138  8:58  Zealot, Photon Cannon  
  138  8:59  Photon Cannon  
  142  9:03  Immortal (Chrono Boost)  
  146  9:13  Immortal (Chrono Boost)  
  148  9:18  Stalker x4  
  142  9:32  Zealot x4  
  150  9:41  Stalker x2  
  150  9:42  Stalker x2  
  137  9:53  Probe x3  
  140  10:05  Probe x2  
  129  10:13  Probe (Chrono Boost)  
  116  10:17  Probe (Chrono Boost)  
  116  10:18  Probe (Chrono Boost)  
  116  10:25  Probe (Chrono Boost)  
  116  10:26  Stalker  
  116  10:27  Stalker x5  
  129  10:29  Probe (Chrono Boost)  
  129  10:31  Probe (Chrono Boost)  
Tags
 
Add a new tag
Caveats
  • Supply blocks, unpowered buildings, or Contaminate may cause inaccurate times.
  • Supply counts are checked every 10 seconds.